 Dungeon Crawl Stone Soup version 0.24.0-123-gd5b16e6ec5 (webtiles) character file.

Game seed: 9568358641168507389, levelgen mode: deterministic

154 Descartes the Skirmisher (level 5, -4/42 HPs)
             Began as a Formicid Abyssal Knight on Jan 3, 2020.
             Was a Believer of Lugonu.
             Slain by an orc priest
             ... wielding a +1 dagger of venom
              (5 damage)
             ... on level 3 of the Dungeon.
             The game lasted 00:07:58 (2436 turns).

Descartes the Skirmisher (Formicid Abyssal Knight)  Turns: 2436, Time: 00:07:59

Health: -4/42      AC:  7    Str: 16    XL:     5   Next: 63%
Magic:  7/7        EV: 11    Int: 13    God:    Lugonu [**....]
Gold:   199        SH:  3    Dex: 10    Spells: 6/6 levels left

rFire    . . .     SeeInvis +   a - +1 hand axe
rCold    . . .     Gourm    .   h - +0 buckler (curse)
rNeg     . . .     Faith    .   j - +1 leather armour {rPois}
rPois    +         Spirit   .   (helmet unavailable)
rElec    .         Reflect  .   p - +1 cloak
rCorr    .         Harm     .   (no gloves)
MR       +....                  o - +0 pair of boots
Stlth    +.........             (no amulet)
HPRegen  0.14/turn              z - ring of protection from magic
MPRegen  0.10/turn              (no ring)

@: lethally poisoned (-4 -> -17)
A: permanent stasis, dig shafts and tunnels, four strong arms, antennae 3
a: Dig, Shaft Self, Depart the Abyss, Bend Space, Renounce Religion


You were on level 3 of the Dungeon.
You worshipped Lugonu.
Lugonu was pleased with you.
You were not hungry.

You visited 1 branch of the dungeon, and saw 3 of its levels.
You visited the Abyss 1 time.

You collected 199 gold pieces.

Inventory:

Hand Weapons
 a - a +1 hand axe (weapon)
 g - a +0 war axe
 q - a +0 hunting sling
Missiles
 e - 134 stones (quivered)
 s - 56 arrows
 B - 13 sling bullets
Armour
 b - a +0 leather armour
 d - a +2 leather armour of fire resistance
 h - a cursed +0 buckler (worn)
 j - a +1 leather armour of poison resistance (worn)
 o - a +0 pair of boots (worn)
 p - a +1 cloak (worn)
Jewellery
 z - a ring of protection from magic (left hand)
Scrolls
 i - 3 scrolls of remove curse {unknown}
 k - 2 scrolls of amnesia {unknown}
 m - 2 scrolls of identify {unknown}
 u - a scroll of immolation {unknown}
 v - 2 scrolls of enchant weapon {unknown}
 y - a scroll of teleportation {unknown}
Potions
 f - a potion of heal wounds {unknown}
 l - 2 potions of haste {unknown}
 r - 2 potions of curing {unknown}
 t - 2 potions of mutation {unknown}
 w - a potion of lignification {unknown}
 x - a potion of brilliance {unknown}
 A - a potion of resistance {unknown}
Comestibles
 c - 4 rations
 n - 4 chunks of flesh


   Skills:
 + Level 3.7 Fighting
 + Level 2.5 Axes
 * Level 3.7 Armour
 + Level 1.7 Dodging
 - Level 1.3 Shields
 + Level 1.2 Spellcasting
 + Level 3.2 Invocations


You had 6 spell levels left.
You didn't know any spells.
Your spell library was empty.

Dungeon Overview and Level Annotations

Branches:
Dungeon (3/15)

Altars:
Ashenzari


Innate Abilities, Weirdness & Mutations

You cannot be hasted, slowed, berserked, paralysed or teleported.
You can dig through walls and to a lower floor.
Your four strong arms can wield two-handed weapons with a shield.
You have a pair of large antennae on your head. (SInv)


Message History

Pain shoots through your body!
* * * LOW HITPOINT WARNING * * *
You barely miss the orc priest.
The orc priest is lightly wounded.
* * * LOW HITPOINT WARNING * * *
You feel sick.
An orc comes into view. It is wielding a -2 whip.
The orc priest hits you but does no damage.
You hit the orc priest but do no damage.
The orc priest is lightly wounded.
* * * LOW HITPOINT WARNING * * *
You feel sick.
The orc priest hits you but does no damage.
You are more poisoned.
You hit the orc priest but do no damage.
The orc priest is lightly wounded.
* * * LOW HITPOINT WARNING * * *
You feel sick.
The orc priest hits you with a +1 dagger of venom.
You die...

.^...<..............
......#.#.##########
.....÷#.#.# ###
..........# #..
##........######.#
##.#.##.........o.
#.###.##..# #.#.#
.#####....# #.#o#
#.#.#.##.## #.#@#
##†..###.#####.#.####.#
#.÷...##.............%#
##...####...##.#.####.#
##...# #.#.##.....
##....# #.#.######.#
##.....##.#.# .#
.......#.#.# #
........#.#{#


You could see an orc priest and an orc.

Vanquished Creatures
  A hound zombie (D:3)
  5 adders
  An ooze (D:1)
  A worm (D:2)
  A dart slug (D:2)
  An orc (D:3)
  3 ball pythons
  5 giant cockroaches
  20 goblins
  9 hobgoblins
  10 kobolds
  A quokka (D:3)
  4 bats
  8 frilled lizards
  12 rats
82 creatures vanquished.

Notes
Turn   | Place    | Note
-------+----------+-------------------------------------------
     0 | Abyss:1  | Descartes the Formicid Abyssal Knight began the quest for
                  | the Orb.
     0 | Abyss:1  | Reached XP level 1. HP: 18/18 MP: 2/2
     2 | Abyss:1  | Found a corrupted altar of Lugonu.
    88 | Abyss:2  | Noticed a neqoxec
    89 | Abyss:2  | Noticed a crimson imp
   103 | Abyss:2  | Noticed an iron imp
   104 | D:1      | Escaped the Abyss
   202 | D:1      | Reached skill level 1 in Dodging
   202 | D:1      | Reached XP level 2. HP: 22/24 MP: 3/3
   269 | D:1      | Reached * piety under Lugonu
   269 | D:1      | Reached skill level 1 in Shields
   587 | D:1      | Reached XP level 3. HP: 28/29 MP: 4/4
  1336 | D:2      | Reached XP level 4. HP: 28/35 MP: 6/6
  1740 | D:2      | Reached ** piety under Lugonu
  1956 | D:2      | Reached XP level 5. HP: 27/41 MP: 7/7
  2063 | D:2      | Reached skill level 1 in Spellcasting
  2096 | D:2      | Found a shattered altar of Ashenzari.
  2435 | D:3      | HP: 2/42 [poisoned by an orc priest]
  2436 | D:3      | Slain by an orc priest

Levels and vault maps discovered:
D:1:      dpeg_arrival_long_road, layout_basic, minmay_misc_feat_room
D:2:      layout_basic, marbit_many_paths, minmay_goblin_outpost
D:3:      layout_loops_ring, grunt_temple_overflow_lords_of_destruction,
          uniq_crazy_yiuf_cottage, uniq_grinder, uniq_jessica

Skill      XL: |  1  2  3  4  5 |
---------------+----------------+-----
Dodging        | 1 |  1.7
Shields        | 1 |  1.3
Armour         | 3 |  3.7
Invocations    | 3 |  3.2
Spellcasting   | 1 |  1.2
Fighting       | |  3.7
Axes           | |  2.5

Action                   |  1- 3 |  4- 6 || total
-------------------------+-------+-------++-------
Melee: Hand axe          |    79 |   179 ||   258
 Fire: Hunting sling     |       |    16 ||    16
Invok: Depart the Abyss  |     1 |       ||     1
  Eat: Chunk             |     1 |     4 ||     5
Armor: Leather armour    |    16 |    69 ||    85
Dodge: Dodged            |    46 |    98 ||   144
Block: Buckler           |    14 |    38 ||    52
